 Dungeon Sprint DCSS version 0.31-a0-841-g038b102fc3 (webtiles) character file.

Game seed: 6163966074167015229

14562 sircluck the Brawler (level 11, -6/132 HPs)
             Began as a Troll Berserker on Sept 27, 2023.
             Was the Champion of Trog.
             Mangled by a water elemental (13 damage)
             ... in the Dungeon (Sprint VII: "The Pits").
             The game lasted 00:05:53 (2501 turns).

sircluck the Brawler (Troll Berserker)              Turns: 2501, Time: 00:05:53

Health: -6/132     AC:  8    Str: 31    XL:     11   Next: 90%
Magic:  10/10      EV: 16    Int:  3    God:    Trog [******]
Gold:   7          SH:  0    Dex:  9    Spells: 10/10 levels left

rFire   . .          .
                       - Unarmed
rCold   . . .        (no shield)
rNeg    + . .        m - +0 acid dragon scales
rPois   .            (helmet restricted)
rElec   .            (no cloak)
rCorr   +            (gloves unavailable)
SInv    .            (boots unavailable)
Will    .....        (no amulet)
Stlth   +            k - +3 ring of evasion
HPRegen 1.22/turn    y - ring of positive energy
MPRegen 0.12/turn

%: no teleportation
@: mesmerised
A: large, unfitting armour, claws 3, regeneration 1, shaggy fur 1, tough skin 1
a: Renounce Religion, Berserk, Trog's Hand, Brothers in Arms


You were in the Dungeon.
You worshipped Trog.
Trog was exalted by your worship.
You visited 1 branch You collected 7 gold pieces.

Inventory:

Missiles
 A - a throwing net
Armour
 a - a +0 animal skin
 m - +0 acid dragon scales (worn)
Jewellery
 k - a +3 ring of evasion (left claw)
 l - a +3 ring of intelligence
 t - a +6 ring of intelligence
 w - a ring of positive energy
 y - a ring of positive energy (right claw)
 z - a ring of ice
Wands
 u - a wand of acid (5)
Scrolls
 g - a scroll of blinking
 i - 2 scrolls of vulnerability
 j - a scroll of summoning
 n - 4 scrolls of identify
 o - 2 scrolls of enchant weapon
 q - 4 scrolls of enchant armour
 s - 3 scrolls of fear
 x - a scroll of brand weapon
Potions
 b - 13 potions of curing
 c - 14 potions of heal wounds
 d - 3 potions of haste
 e - 4 potions of magic
 f - 3 potions of berserk rage
 h - 2 potions of invisibility
 p - 2 potions of might
 r - 2 potions of mutation
 v - a potion of enlightenment


   Skills:
 + Level 15.3 Fighting
 + Level 15.1 Dodging
 + Level 17.7 Unarmed Combat


You had 10 spell levels left.
You didn't know any spells.
Your spell library was empty.

Dungeon Overview and Level Annotations

Branches:
Dungeon (1/1)

Altars:
Ashenzari
Cheibriados
Dithmenos
Elyvilon
Fedhas
Gozag
Hepliaklqana
Kikubaaqudgha
Makhleb
Nemelex Xobeh
Okawaru
Qazlal
Ru
Sif Muna
Trog
Uskayaw
Vehumet
Wu Jian
Xom
Yredelemnul
Zin
The Shining One
Jiyva
Lugonu


Innate Abilities, Weirdness & Mutations

You are too large for most types of armour.
You have claws for hands.
Your natural rate of healing is unusually fast.
You are covered in fur. (AC +1)
You have tough skin. (AC +1)


Message History

Your troll claws Xtahua! x2
Xtahua bites your troll. Xtahua claws your troll! Xtahua tramples your troll.
Your troll holds its ground!
Something hits your troll!!
Your troll bites Xtahua.
Your troll claws Xtahua. x2
The merfolk avatar chants its luring song.
A green draconian monk comes into view.
The pull of its song draws you forwards.
You swap places with your troll.
A fire crab and a spriggan druid come into view.
Found a staff of earth, a +1 hat, a staff of death and a staff of conjuration.
The spriggan rider hits you but does no damage.
Xtahua bites you!! Xtahua claws you but does no damage. Xtahua tramples you!
You hold your ground!
A spriggan druid opens the door.
The merfolk avatar chants its luring song.
You cannot move away from the merfolk avatar!
You are too mesmerised to rage.
You barely miss Xtahua.
Xtahua is severely wounded.
The spriggan rider hits you with a +0 spear!!
The merfolk avatar chants its luring song.
You eviscerate Xtahua!!!
You kill Xtahua!
Trog accepts your kill.
The fire dragon scales {Xtahua} are intact enough to wear.
The spriggan rider hits you with a +0 spear!!
* * * LOW HITPOINT WARNING * * *
Your Fighting skill increases to level 15!
Your Dodging skill increases to level 15!
Unknown command.
Unknown command.
Unknown command.
Unknown command.
Blink to where?
Press: ? - help, Q - select action, (/) - cycle Dir - move target
As you read the scroll of blinking, it crumbles to dust.
The spriggan druid casts a spell at you.
The stone arrow hits you!
* * * LOW HITPOINT WARNING * * *
The water elemental hits you!
You die...

#..##..........+ #..##..........+
#..####''####''#
#..####''####''###########
#..##..CT.i##.............
########..##.#ยง##.##....)........
..........##.#qii.##..###########
..........## +m[#.##..#
'########## #tE@.##..# '##########
+=|#.##..# ......##..# ##+#.##..#
......##..# .##..# ......''..#
###..# ......''..##########..#
......##..............#
......##..............#
)######################


You could see a green draconian monk, a merfolk avatar (mesmerising), a spriggan
rider (ally target), a fire crab, a spriggan druid, a water elemental and a
friendly cyclops (summoned, berserk).

Vanquished Creatures
  Xtahua (D)
  A death knight (D)
  2 two-headed ogres (D)
  A bog body (D)
  A wizard (D)
  A phantasmal warrior (D)
  A deep elf zephyrmancer (D)
  A cyclops (D)
  3 manticores (D)
  A rust devil (D)
  A black mamba (D)
  A large abomination (D)
  An orange demon (D)
  An ice devil (D)
  2 freezing wraiths (D)
  A guardian mummy (D)
  A red devil (D)
  A wandering mushroom (D)
  4 blink frogs (D)
  2 tyrant leeches (D)
  A hornet (D)
  Prince Ribbit (D)
  A snapping turtle (D)
  A jumping spider (D)
  A shadow (D)
  A fire elemental (D)
  3 yaks (D)
  A wraith (D)
  A warg (D)
  A water moccasin (D)
  A floating eye (D)
  An ogre (D)
  A wolf (D)
  4 centaurs (D)
  A necrophage (D)
  2 orc priests (D)
  A jelly (D)
  An iron imp (D)
  2 orc wizards (D)
  A hell rat (D)
  A gnoll (D)
  An adder (D)
  A river rat (D)
  A white imp (D)
  2 ufetubi (D)
  An adder skeleton (D)
  8 orcs (D)
  A bat skeleton (D)
  2 endoplasms (D)
  A giant cockroach (D)
  7 jackals (D)
  A ball python (D)
  A bat (D)
  A frilled lizard (D)
  A goblin (D)
  A jackal simulacrum (D)
  2 kobolds (D)
  A rat (D)
89 creatures vanquished.

Vanquished Creatures (collateral kills)
  A bog body (D)
  An orc knight (D)
  A jumping spider (D)
  An acid dragon (D)
  A bullfrog (D)
  A gnoll bouda (D)
  2 gnolls (D)
  An orc (D)
  A jackal (D)
10 creatures vanquished.

Vanquished Creatures (others)
  A gnoll (D)
1 creature vanquished.

Grand Total: 100 creatures vanquished

Notes
Turn   | Place    | Note
-------+----------+-------------------------------------------
     0 | D        | sircluck the Troll Berserker began the quest for the Orb.
     0 | D        | Reached XP level 1. HP: 22/22 MP: 0/0
    11 | D        | Noticed a water moccasin
    15 | D        | Killed a water moccasin
    16 | D        | Reached skill level 5 in Fighting
    16 | D        | Reached skill level 5 in Unarmed Combat
    16 | D        | Reached XP level 2. HP: 30/35 MP: 1/1
    16 | D        | Reached XP level 3. HP: 36/42 MP: 2/2
    16 | D        | Reached XP level 4. HP: 43/50 MP: 3/3
    72 | D        | Noticed a centaur
    74 | D        | Noticed a freezing wraith
    76 | D        | Killed a centaur
    76 | D        | Reached ** piety under Trog
    77 | D        | Reached skill level 5 in Dodging
    77 | D        | Reached skill level 7 in Unarmed Combat
    77 | D        | Reached XP level 5. HP: 49/59 MP: 4/4
    81 | D        | Killed a freezing wraith
    82 | D        | Reached skill level 8 in Unarmed Combat
    82 | D        | Reached XP level 6. HP: 60/71 MP: 5/5
   158 | D        | Noticed a red devil
   194 | D        | Killed a red devil
   195 | D        | Reached skill level 9 in Unarmed Combat
   195 | D        | Reached XP level 7. HP: 80/80 MP: 6/6
   238 | D        | Found a bloodstained altar of Trog.
   238 | D        | Found a shimmering blue altar of Sif Muna.
   238 | D        | Found a viscous altar of Jiyva.
   238 | D        | Found a hazy altar of Hepliaklqana.
   238 | D        | Found an opulent altar of Gozag.
   239 | D        | Found a glowing golden altar of the Shining One.
   239 | D        | Found a glowing silver altar of Zin.
   239 | D        | Found a basalt altar of Yredelemnul.
   239 | D        | Found a shimmering altar of Xom.
   239 | D        | Found an ornate altar of the Wu Jian Council.
   239 | D        | Found a sacrificial altar of Ru.
   239 | D        | Found a stormy altar of Qazlal.
   239 | D        | Found an iron altar of Okawaru.
   239 | D        | Found a sparkling altar of Nemelex Xobeh.
   239 | D        | Found a burning altar of Makhleb.
   239 | D        | Found a blossoming altar of Fedhas.
   239 | D        | Found a white marble altar of Elyvilon.
   239 | D        | Found a shadowy altar of Dithmenos.
   239 | D        | Found a snail-covered altar of Cheibriados.
   242 | D        | Found a corrupted altar of Lugonu.
   242 | D        | Found a radiant altar of Vehumet.
   243 | D        | Found an ancient bone altar of Kikubaaqudgha.
   243 | D        | Found a hide-covered altar of Uskayaw.
   243 | D        | Found a broken altar of Ashenzari.
   281 | D        | Reached *** piety under Trog
   297 | D        | Reached **** piety under Trog
   300 | D        | Reached skill level 10 in Unarmed Combat
   355 | D        | Reached ***** piety under Trog
   370 | D        | Noticed Prince Ribbit
   393 | D        | Killed Prince Ribbit
   393 | D        | Received a gift from Trog
   394 | D        | Reached XP level 8. HP: 15/92 MP: 7/7
   472 | D        | Reached ****** piety under Trog
   489 | D        | Noticed a black mamba
   489 | D        | Noticed a manticore
   498 | D        | Killed a black mamba
   499 | D        | Reached skill level 11 in Unarmed Combat
   501 | D        | Killed a manticore
   501 | D        | Received a gift from Trog
   502 | D        | Reached skill level 10 in Fighting
   502 | D        | Reached skill level 10 in Dodging
   502 | D        | Reached skill level 12 in Unarmed Combat
   606 | D        | Noticed a tyrant leech
   641 | D        | Killed a tyrant leech
   642 | D        | Reached XP level 9. HP: 102/102 MP: 8/8
   726 | D        | Noticed a manticore
   737 | D        | Killed a manticore
   822 | D        | Noticed a wandering mushroom
   936 | D        | Killed a wandering mushroom
   936 | D        | Received a gift from Trog
   937 | D        | Reached skill level 13 in Unarmed Combat
   963 | D        | Noticed a two-headed ogre
   972 | D        | Killed a two-headed ogre
   977 | D        | Reached XP level 10. HP: 45/115 MP: 9/9
  1145 | D        | Noticed a cyclops
  1150 | D        | Noticed a deep elf zephyrmancer
  1152 | D        | Killed a cyclops
  1153 | D        | Reached skill level 14 in Unarmed Combat
  1153 | D        | Killed a deep elf zephyrmancer
  1157 | D        | Received a gift from Trog
  1492 | D        | Noticed a rust devil
  1494 | D        | Noticed a manticore
  1499 | D        | Killed a manticore
  1502 | D        | Killed a rust devil
  1541 | D        | Noticed an orange demon
  1552 | D        | Killed an orange demon
  1580 | D        | Identified the +1 great sword of Accord {flame, rCorr}
                  | (Trog gifted it to you in the Dungeon)
  1580 | D        | Received a gift from Trog
  1581 | D        | Reached skill level 15 in Unarmed Combat
  1608 | D        | Noticed a two-headed ogre
  1627 | D        | Killed a two-headed ogre
  1679 | D        | Noticed a large abomination
  1695 | D        | Killed a large abomination
  1755 | D        | Received a gift from Trog
  1837 | D        | Noticed a death knight
  1843 | D        | Killed a death knight
  1844 | D        | Reached XP level 11. HP: 117/128 MP: 10/10
  1876 | D        | Reached skill level 16 in Unarmed Combat
  1884 | D        | Received a gift from Trog
  2093 | D        | Noticed a bog body
  2098 | D        | Killed a bog body
  2099 | D        | Noticed an orc knight
  2101 | D        | Received a gift from Trog
  2102 | D        | Noticed a phantasmal warrior
  2111 | D        | Killed a phantasmal warrior
  2111 | D        | Received a gift from Trog
  2122 | D        | Killed an orc knight
  2122 | D        | Received a gift from Trog
  2132 | D        | Reached skill level 17 in Unarmed Combat
  2193 | D        | Noticed a bog body
  2198 | D        | Noticed a wizard
  2205 | D        | Killed a bog body
  2205 | D        | Received a gift from Trog
  2272 | D        | Killed a wizard
  2493 | D        | Noticed a spriggan rider
  2493 | D        | Noticed Xtahua
  2493 | D        | Noticed a merfolk avatar
  2493 | D        | Noticed a spriggan druid
  2498 | D        | Noticed a green draconian monk
  2498 | D        | Noticed a fire crab
  2498 | D        | Noticed a spriggan druid
  2500 | D        | Killed Xtahua
  2501 | D        | Reached skill level 15 in Fighting
  2501 | D        | Reached skill level 15 in Dodging
  2501 | D        | Mangled by a water elemental

Illustrated notes

Levels and vault maps discovered:
D:        pitsprint [storerooms_1, entrance_room_1, metal_vault_6, armoury_1,
          mini_pit_1, grid_room_1, main_hall_1, silver_pit, the_coven_2,
          the_vestibule_1, steel_vault_5, golden_pit, hallway_of_sentries,
          crystal_vault_1, iron_vault_4, final_vault]

Skill      XL: |  1  2  3  4  5  6  7  8  9 10 11 |
---------------+----------------------------------+-----
Fighting       | 5 7 8 9 10 11 13 15 | 15.3
Dodging        | 4 5 7 8 9 10 11 13 15 | 15.1
Unarmed Combat | 5 7 8 9 10 12 13 15 17 | 17.7

Action                     |  1- 3 |  4- 6 |  7- 9 | 10-12 || total
---------------------------+-------+-------+-------+-------++-------
  Melee: Unarmed           |     2 |    12 |    93 |   121 ||   228
         Punch             |       |       |     5 |     7 ||    12
 Invoke: Berserk           |     1 |     2 |     3 |     3 ||     9
         Brothers in Arms  |       |       |       |     3 ||     3
    Use: Scroll            |       |       |       |     1 ||     1
 Armour: Animal skin       |     2 |     7 |    41 |    53 ||   103
         Acid dragon scale |       |       |       |    15 ||    15
  Dodge: Dodged            |     1 |     6 |    58 |    68 ||   133

Table legend: (Time is in decaauts)
 A = Elapsed time spent in this place.
 B = Non-inter-level travel time spent in this place.
 C = Inter-level travel time spent in this place.
 D = Time resting spent in this place.
 E = Time spent auto-exploring this place.
 F = Levels seen in this place.
 G = Mean time per level.
                   A        B        C        D        E       F      G
               +--------+--------+--------+--------+--------+-----+--------+
         Total |   2558 |   2393 |    165 |   1282 |     91 |   1 | 2558.0 |
       Dungeon |   2558 |   2393 |    165 |   1282 |     91 |   1 | 2558.0 |
               +--------+--------+--------+--------+--------+-----+--------+

Top non-repeatable levels by time:
       D: 2558 daAuts
